Map: Lerilak Crest

Players

LilDicky

  • Race: Terran Terran
  • League: Diamond

LGRob - Winner!

  • Race: Zerg Zerg

VOD

http://www.twitch.tv/tumescentpie

Description

Time

  • Played on: Nov. 26, 2015, 2:53 p.m.
  • Length: 5:02
Show
View Real Time Build Order
Export as new Build Order

LilDicky Terran 

Build Orders: Command Center First (CC) 

Get SALT Encoding   

  12  0:02  SCV  
  13  0:14  SCV  
  14  0:17  Supply Depot  
  14  0:26  SCV  
  15  0:39  SCV  
  16  0:51  SCV  
  17  1:03  SCV  
  18  1:08  Command Center  
  18  1:15  SCV  
  19  1:19  Barracks  
  19  1:27  SCV  
  20  1:39  SCV  
  21  1:51  SCV  
  22  1:59  Command Center  
  22  2:03  SCV  
  23  2:19  Marine  
  23  2:20  Orbital Command  
  24  2:23  Orbital Command  
  24  2:29  Refinery  
  24  2:30  Refinery  
  23  2:39  Marine  
  24  2:50  SCV  
  25  2:57  Marine  
  26  3:08  SCV  
  26  3:09  SCV  
  26  3:11  Orbital Command  
  28  3:15  Marine  
  28  3:16  Factory  
  29  3:34  Marine  
  30  3:46  SCV x3  
  32  3:52  Marine  
  32  3:54  Barracks  
  32  3:55  Barracks  
  33  3:56  Barracks  
  33  3:57  Engineering Bay x2, Barracks  
  33  3:58  SCV  
  34  4:02  Factory Tech Lab  
  34  4:11  Marine  
  34  4:13  SCV  
  38  4:24  Siege Tank  
  38  4:29  Marine  
  24  4:47  SCV  
Show
View Real Time Build Order
Export as new Build Order

LGRob Zerg - Winner!

Build Orders: Hatch First 

Get SALT Encoding   

  12  0:00  Drone  
  13  0:12  Overlord  
  13  0:17  Drone  
  14  0:30  Drone  
  14  0:31  Drone  
  14  0:34  Drone  
  17  0:55  Hatchery  
  17  0:57  Drone  
  17  0:59  Drone  
  17  1:02  Extractor  
  17  1:19  Spawning Pool  
  17  1:23  Drone x2  
  18  1:28  Drone  
  19  1:38  Overlord  
  19  2:05  Queen  
  19  2:06  Metabolic Boost  
  19  2:08  Queen  
  23  2:11  Zergling x4  
  23  2:14  Zergling x2  
  27  2:22  Drone  
  27  2:23  Drone  
  27  2:26  Drone  
  29  2:38  Drone x2  
  31  2:45  Roach Warren  
  31  2:48  Extractor  
  31  2:50  Drone x2  
  31  2:56  Drone x2  
  33  3:02  Drone  
  34  3:09  Overlord  
  34  3:20  Overlord  
  34  3:21  Overlord  
  34  3:31  Roach x4  
  41  3:34  Roach  
  43  3:49  Zergling x8  
  43  3:51  Ravager  
  43  3:52  Ravager  
  43  3:54  Ravager  
  50  3:58  Roach x2  
  50  3:59  Zergling x2  
  55  4:19  Zergling x6  
  55  4:20  Zergling x2  
Tags
 
Add a new tag
Caveats
  • Supply blocks, unpowered buildings, or Contaminate may cause inaccurate times.
  • Supply counts are checked every 10 seconds.